 Dungeon Crawl Stone Soup version 0.17.2 (webtiles) character file.

11006 Goblin1989 the Grappler (level 11, -16/84 HPs)
             Began as a Demonspawn Gladiator on July 17, 2016.
             Was a High Priest of Okawaru.
             Engulfed by a fire crab's flame (23 damage)
             ... on level 2 of the Lair of Beasts.
             The game lasted 00:31:25 (13041 turns).

Goblin1989 the Grappler (Demonspawn Gladiator)     Turns: 13041, Time: 00:31:25

Health: -16/84     AC: 11    Str: 19    XL:     11   Next: 43%
Magic:  14/14      EV: 11    Int:  9    God:    Okawaru [*****.]
Gold:   561        SH:  7    Dex: 14    Spells: 2 memorised, 6 levels left

rFire  . . .     SeeInvis .       - Unarmed
rCold  . . .     Clarity  .     m - +0 scale mail
rNeg   . . .     SustAt   .     E - +0 buckler
rPois  .         Gourm    .     c - +0 helmet
rElec  .         Spirit   .     (no cloak)
rCorr  .         Warding  .     (no gloves)
rMut   .         Stasis   .     (no boots)
MR     +....                    (no amulet)
Stlth  +.........               (no ring)
                                j - ring of protection from magic

@: flying, somewhat resistant to hostile enchantments, very unstealthy
A: claws 2, large bone plates 1, demonic guardian 2, nightstalker 1
a: Heroism, Finesse, Renounce Religion


You were on level 2 of the Lair of Beasts.
You worshipped Okawaru.
Okawaru was extremely pleased with you.
You were very hungry.

You visited 3 branches of the dungeon, and saw 12 of its levels.

You collected 561 gold pieces.

Inventory:

Hand Weapons
 b - a +0 blowgun
 J - the +4 arc blade {discharge, rElec}
   (You found it on level 8 of the Dungeon)

   It insulates you from electricity.
Missiles
 d - 4 throwing nets (quivered)
 q - 41 poisoned needles
 r - 5 needles of frenzy
 y - 2 curare-tipped needles
Armour
 c - a +0 helmet (worn)
 m - a +0 scale mail (worn)
 E - a +0 buckler (worn)
Jewellery
 j - a ring of protection from magic (left claw)
 t - an uncursed amulet of warding {unknown}
Wands
 a - a wand of magic darts (10)
 h - a wand of polymorph (16)
 C - a wand of confusion (28)
 G - a wand of fire (4)
 I - a wand of frost (26)
Scrolls
 i - 4 scrolls of identify {unknown}
 k - 6 scrolls of remove curse {unknown}
 l - a scroll of immolation {unknown}
 n - a scroll of noise {unknown}
 s - 3 scrolls of amnesia {unknown}
 u - 2 scrolls of magic mapping {unknown}
 v - 3 scrolls of enchant weapon {unknown}
 D - 3 scrolls of fear {unknown}
 F - 4 scrolls of enchant armour {unknown}
 L - a scroll of recharging {unknown}
 M - a scroll of teleportation {unknown}
Potions
 f - 3 potions of flight
 o - 3 potions of heal wounds {unknown}
 w - a potion of might {unknown}
 x - a potion of brilliance {unknown}
 z - a potion of poison {unknown}
 A - a potion of degeneration {unknown}
 B - a potion of magic {unknown}
 H - a potion of mutation {unknown}
 N - a potion of agility {unknown}
 O - a potion of cure mutation {unknown}
Comestibles
 e - 10 bread rations
 g - 15 fruits
 p - a beef jerky
 K - a meat ration


   Skills:
 + Level 7.5 Fighting
   Level 4.4 Maces & Flails
 - Level 1.7 Throwing
 + Level 6.7 Armour
 - Level 2.6 Dodging
 - Level 4.2 Shields
 * Level 11.7 Unarmed Combat
 + Level 5.2 Invocations


You had 6 spell levels left.
You knew the following spells:

 Your Spells              Type           Power        Failure   Level  Hunger
a - Song of Slaying       Chrm           #.......     98%         2    ###....
b - Swiftness             Chrm/Air       #.......     98%         2    ###....


Dungeon Overview and Level Annotations

Branches:
Dungeon (9/15)             Temple (1/1) D:4            Lair (2/8) D:9
    Orc: D:9-12

Altars:
Ashenzari
Cheibriados
Dithmenos
Elyvilon
Fedhas
Gozag
Kikubaaqudgha
Makhleb
Nemelex Xobeh
Okawaru
Qazlal
Ru
Sif Muna
Trog
Vehumet
Xom
Yredelemnul
Zin
The Shining One

Shops:
D:6 *   D:8 (

Annotations:
D:2 Terence
Lair:2 exclusion: 2 oklob plants


Innate Abilities, Weirdness & Mutations

You have very sharp fingernails.
You are partially covered in large bone plates (AC +2, SH +2).
A demonic guardian rushes to your aid.
You are slightly more attuned to the shadows.


Message History

You claw the fire crab!
The fire crab is moderately wounded.
You are engulfed in roaring flames.
* * * LOW HITPOINT WARNING * * *
Your sun demon hits the fire crab!
The fire crab is engulfed in flames.
The fire crab completely resists.
The fire crab misses you. The fire crab claws you!
* * * LOW HITPOINT WARNING * * *
You are engulfed in flames!
* * * LOW HITPOINT WARNING * * *
You take 31 damage, and have 7/84 hp.
MASSIVE DAMAGE!!
Drink which item? (? for menu, Esc to quit)
Okay, then.
Read which item? (? for menu, Esc to quit)
Okay, then.
Drink which item? (? for menu, Esc to quit)
It was a potion of flight.
You feel very buoyant.
You fly up into the air.
You are engulfed in roaring flames.
You die...

..#.≈........P .<# ..#
... ..# ...
..#############... #.
##..#......#...#.##
...
#..#......#....§.#....
#............##§§.....
#.............§@t.....
#..(.........§§3§#.##l
#..................#
#..##..#.P#........#
##..#######.###.#P##
## ### #####


You could see a fire crab, an iguana and a friendly sun demon.

Vanquished Creatures
  A hydra (Lair:2)
  3 spiny frogs
  A komodo dragon (Lair:1)
  Sigmund (D:6)
  A spriggan (D:7)
  Eustachio (D:6)
  A hippogriff (D:7)
  2 hungry ghosts (D:8)
  Grum (D:8)
  Edmund (D:5)
  A vampire mosquito (D:8)
  10 water moccasins
  7 wolves
  4 sky beasts
  7 porcupines
  An ice beast (D:7)
  An eye of draining (D:7)
  An orc warrior (D:7)
  5 ogres
  3 centaurs
  3 crocodiles (Lair:1)
  3 big kobolds
  4 giant frogs
  4 scorpions
  A wyvern skeleton (D:7)
  A quasit (D:6)
  3 electric eels
  4 wights (D:8)
  2 crimson imps
  A wasp zombie (D:8)
  3 giant frog zombies
  5 hounds
  2 jellies
  2 orc priests
  Ijyb (D:2)
  7 iguanas
  A giant frog skeleton (D:6)
  5 worker ants
  3 orc wizards
  2 gnoll shamans
  A worker ant zombie (D:5)
  7 gnolls
  7 river rats (Lair:1)
  15 adders
  2 shadow imps (D:6)
  An adder zombie (D:8)
  A worm (D:2)
  An adder skeleton (D:5)
  A giant gecko (D:8)
  21 orcs
  6 bats
  5 giant cockroaches
  9 goblins
  8 hobgoblins
  7 jackals
  A quokka (D:2)
  A ball python (D:1)
  A ball python skeleton (D:4)
  6 giant newts
  21 kobolds
  A quokka skeleton (D:7)
  8 rats
  A fungus (D:9)
  A plant (Lair:2)
243 creatures vanquished.

Vanquished Creatures (collateral kills)
  Erica (D:8)
  A black mamba (Lair:1)
  A spiny frog (Lair:2)
  The ghost of Goblin1989 the Firebug, a novice GrFE of Gozag (D:4)
  A yak (Lair:2)
  A hippogriff (Lair:1)
  5 wolves
  A porcupine (Lair:2)
  An ice beast (D:6)
  A crocodile (Lair:2)
  A giant frog (D:8)
  A wight (D:8)
  A hound (D:8)
  A giant frog zombie (D:8)
  An adder (D:4)
19 creatures vanquished.

Vanquished Creatures (others)
  Prince Ribbit (D:8)
  An orc wizard (D:4)
  A fungus (Lair:2)
3 creatures vanquished.

Grand Total: 265 creatures vanquished

Notes
Turn   | Place    | Note
--------------------------------------------------------------
     0 | D:1      | Goblin1989 the Demonspawn Gladiator began the quest for the Orb.
     0 | D:1      | Reached XP level 1. HP: 16/16 MP: 1/1
    84 | D:1      | Reached skill level 3 in Maces & Flails
   223 | D:1      | Gained mutation: You are slightly more attuned to the shadows. [demonic ancestry]
   223 | D:1      | Reached XP level 2. HP: 15/22 MP: 2/2
   727 | D:2      | Noticed Terence
   764 | D:2      | Reached XP level 3. HP: 22/27 MP: 3/3
  1009 | D:2      | Reached skill level 4 in Maces & Flails
  1141 | D:2      | Noticed Ijyb
  1156 | D:2      | Killed Ijyb
  1156 | D:2      | Gained mutation: You have sharp fingernails. [demonic ancestry]
  1156 | D:2      | Reached XP level 4. HP: 28/33 MP: 4/4
  1446 | D:2      | Reached skill level 1 in Unarmed Combat
  1861 | D:3      | Reached XP level 5. HP: 26/38 MP: 5/5
  2613 | D:3      | Noticed a big kobold
  2638 | D:3      | Killed a big kobold
  3363 | D:4      | Found an ancient bone altar of Kikubaaqudgha.
  3370 | D:4      | Noticed a sky beast
  3400 | D:4      | Killed a sky beast
  3400 | D:4      | Gained mutation: A weak demonic guardian rushes to your aid. [demonic ancestry]
  3400 | D:4      | Reached XP level 6. HP: 44/44 MP: 6/6
  3416 | D:4      | Found a staircase to the Ecumenical Temple.
  3494 | Temple   | Entered the Ecumenical Temple
  3500 | Temple   | Reached skill level 5 in Unarmed Combat
  3832 | Temple   | Became a worshipper of Warmaster Okawaru
  3947 | D:4      | Found an iron altar of Okawaru.
  3948 | D:4      | Noticed Goblin1989's ghost (novice GrFE)
  3963 | D:4      | Killed Goblin1989's ghost
  3963 | D:4      | Reached * piety under Okawaru
  3963 | D:4      | Reached skill level 6 in Unarmed Combat
  3963 | D:4      | Reached XP level 7. HP: 30/50 MP: 7/7
  4062 | D:4      | Reached skill level 1 in Invocations
  4187 | D:4      | Found a basalt altar of Yredelemnul.
  4673 | D:4      | Noticed an ogre
  4678 | D:4      | Killed an ogre
  5006 | D:5      | Entered Level 5 of the Dungeon
  5015 | D:5      | Reached skill level 7 in Unarmed Combat
  5084 | D:5      | Reached skill level 1 in Armour
  5084 | D:5      | Gained mutation: You have very sharp fingernails. [demonic ancestry]
  5084 | D:5      | Reached XP level 8. HP: 21/57 MP: 10/10
  5313 | D:5      | Noticed Edmund
  5346 | D:5      | Killed Edmund
  5346 | D:5      | Reached ** piety under Okawaru
  6504 | D:6      | Reached skill level 8 in Unarmed Combat
  6562 | D:6      | Found Zat Pymp's Hallowed Reliquary.
  6562 | D:6      | Found a glowing silver altar of Zin.
  6562 | D:6      | Noticed an angel
  6580 | D:6      | Noticed Sigmund
  6589 | D:6      | Killed Sigmund
  6679 | D:6      | Noticed Eustachio
  6698 | D:6      | Killed Eustachio
  6698 | D:6      | Gained mutation: A demonic guardian rushes to your aid. [demonic ancestry]
  6698 | D:6      | Reached XP level 9. HP: 57/65 MP: 11/11
  7290 | D:7      | Reached skill level 9 in Unarmed Combat
  7392 | D:7      | Reached *** piety under Okawaru
  7465 | D:7      | Reached skill level 5 in Fighting
  7579 | D:7      | Reached skill level 1 in Shields
  7944 | D:8      | Killed Prince Ribbit
  7949 | D:8      | Noticed Erica
  7955 | D:8      | Killed Erica
  8053 | D:8      | Noticed Grum
  8060 | D:8      | Gained mutation: You are partially covered in large bone plates (AC +2, SH +2). [demonic ancestry]
  8060 | D:8      | Reached XP level 10. HP: 69/74 MP: 9/12
  8063 | D:8      | Killed Grum
  8063 | D:8      | Reached skill level 10 in Unarmed Combat
  8064 | D:8      | Reached **** piety under Okawaru
  8069 | D:8      | Reached skill level 5 in Armour
  8456 | D:8      | Identified the Grimoire of Self-Improvement
  8460 | D:8      | Learned a level 2 spell: Song of Slaying
  8463 | D:8      | Learned a level 2 spell: Swiftness
  8558 | D:8      | Found a blossoming altar of Fedhas.
  8570 | D:8      | Found an opulent altar of Gozag.
  8573 | D:8      | Found a deep blue altar of Sif Muna.
  8713 | D:8      | Found Supudiodgh's Weapon Shop.
  9140 | D:9      | Found a staircase to the Lair.
  9150 | Lair:1   | Entered Level 1 of the Lair of Beasts
 10202 | Lair:1   | Reached skill level 11 in Unarmed Combat
 10900 | Lair:1   | Reached XP level 11. HP: 59/83 MP: 13/13
 11195 | Lair:1   | Noticed a black mamba
 11201 | Lair:1   | Killed a black mamba
 11330 | Lair:1   | Reached ***** piety under Okawaru
 12823 | Lair:2   | Noticed a six-headed hydra
 12829 | Lair:2   | Killed a six-headed hydra
 12829 | Lair:2   | Reached skill level 5 in Invocations
 13034 | Lair:2   | Noticed a fire crab
 13041 | Lair:2   | Engulfed by a fire crab's flame

Action                   |  1- 3 |  4- 6 |  7- 9 | 10-12 || total
-------------------------+-------+-------+-------+-------++-------
Melee: Flail             |   124 |   244 |       |       ||   368
       Unarmed           |       |       |   352 |   370 ||   722
       Rapier            |       |       |       |     5 ||     5
 Fire: Blowgun           |       |     9 |       |       ||     9
Invok: Heroism           |       |       |     9 |     9 ||    18
  Use: Potion            |       |       |     1 |     2 ||     3
 Stab: Sleeping          |     1 |     1 |       |       ||     2
       Distracted        |       |       |       |     1 ||     1
  Eat: Chunk             |     1 |     4 |    12 |    11 ||    28
       Bread ration      |       |     1 |       |       ||     1
       Fruit             |       |       |     3 |       ||     3
       Meat ration       |       |       |       |     1 ||     1
